AoeStats
← Bor-Komorov

Arabia

509191329Analyzed
3v3 RM · 7d ago on Sep 25, 2026· 33m 48s· 6 players
Game mode
Random Map
Map size
Normal (6 player)
Population
200
Speed
Normal
Resources
Standard
Victory
Conquest
Starting age
Dark Age
Ending age
Imperial Age
RankedLock teamsTeams togetherTeam positionsShared explorationLock speedFull tech treeHidden civsTurbo modeCheats
Victory
Defeat
🇨🇴 Magyars · Colombia
1170
+15
🇨🇴 Britons · Colombia
1147
+16
🇨🇴 Khitans · Colombia
1138
+16
🇹🇷 Malay · Türkiye
1190
-17
🇹🇷 Magyars · Türkiye
1133
-15
🇹🇷 Vietnamese · Türkiye
1129
-15
Kaçika Exeal Kaçika
7:14 Loom
9:58 Feudal Age
9:52 Double-Bit Axe
18:12 Fletching
21:01 Padded Archer Armor
21:52 Wheelbarrow
25:15 Castle Age
24:15 Crossbowman
24:52 Bodkin Arrow
29:15 Leather Archer Armor
29:19 Bow Saw
29:49 Gold Mining
KırımTatarı
6:16 Loom
8:39 Feudal Age
9:42 Double-Bit Axe
13:30 Horse Collar
17:15 Scale Barding Armor
23:02 Castle Age
22:01 Gold Mining
23:26 Bloodlines
25:58 Bow Saw
26:49 Husbandry
28:07 Chain Barding Armor
HoChiMinh
5:37 Loom
8:59 Feudal Age
9:27 Double-Bit Axe
23:14 Castle Age
24:05 Bow Saw
23:37 Horse Collar
23:49 Gold Mining
23:53 Fletching
24:14 Forging
23:27 Pikeman
23:53 Crossbowman
25:31 Squires
27:12 Scale Mail Armor
27:12 Padded Archer Armor
29:03 Bodkin Arrow
30:10 Iron Casting
31:09 Heavy Plow
31:41 Chain Mail Armor
Deanu Reeves
5:17 Loom
9:17 Feudal Age
17:56 Wheelbarrow
18:19 Horse Collar
19:04 Double-Bit Axe
23:34 Castle Age
23:04 Scale Barding Armor
23:11 Bloodlines
23:00 Gold Mining
27:07 Husbandry
32:53 Chain Barding Armor
Bor-Komorov
6:34 Loom
9:02 Feudal Age
12:10 Forging
19:49 Double-Bit Axe
26:01 Castle Age
24:21 Scale Barding Armor
26:19 Light Cavalry
27:37 Iron Casting
27:14 Husbandry
30:01 Chain Barding Armor
Volk
7:03 Loom
9:16 Feudal Age
9:45 Double-Bit Axe
14:43 Fletching
17:25 Padded Archer Armor
23:15 Castle Age
21:24 Gold Mining
22:18 Horse Collar
23:16 Crossbowman
23:53 Bodkin Arrow
24:33 Bow Saw
26:34 Ballistics
27:22 Leather Archer Armor
31:40 Town Watch
Connection lost

Rejoining the realm…

Still unreachable

The connection could not be restored.

Session expired

The server has moved on; the page needs a fresh start.